 Dungeon Crawl Stone Soup version 0.19.1-1-g22dce08 (webtiles) character file.

337 Jynx the Firebug (level 6, -6/48 HPs)
             Began as a Deep Elf Fire Elementalist on Jan 6, 2017.
             Killed by divine providence
             ... invoked by an orc priest
              (12 damage)
             ... on level 5 of the Dungeon.
             The game lasted 00:09:38 (4013 turns).

Jynx the Firebug (Deep Elf Fire Elementalist)       Turns: 4013, Time: 00:09:38

Health: -6/48      AC: 23    Str:  5    XL:     6   Next: 28%
Magic:  5/16       EV:  2    Int: 22    God:
Gold:   465        SH:  0    Dex: 15    Spells: 3 memorised, 7 levels left

rFire  + . .     SeeInvis .     (no weapon)
rCold  + . .     Gourm    .     (armour currently unavailable)
rNeg   + + +     Faith    .     (no shield)
rPois  +         Spirit   .     (helmet currently unavailable)
rElec  +         Reflect  .     (cloak currently unavailable)
rCorr  +         Harm     .     (gloves currently unavailable)
MR     .....     NoTele   +     (boots currently unavailable)
Stlth  ++........               (no amulet)
                                (no ring)
                                (no ring)

@: tree-form (expiring), resistant
A: no striking features
a: no special abilities


You were on level 5 of the Dungeon.
You were not hungry.
You were a tree.
You visited 1 branch of the dungeon, and saw 5 of its levels.

You collected 465 gold pieces.

Inventory:

Armour
 a - a +0 robe (melded)
 m - a cursed +0 cloak (melded)
 z - a cursed +0 pair of gloves (melded)
Scrolls
 d - 5 scrolls of identify
 h - 2 scrolls of teleportation {unknown}
 l - 2 scrolls of amnesia
 o - a scroll of enchant weapon {unknown}
 q - a scroll of noise {unknown}
 r - 3 scrolls of remove curse {unknown}
 s - a scroll of immolation {unknown}
 u - 4 scrolls of random uselessness {unknown}
 x - 2 scrolls of recharging {unknown}
 y - a scroll of fog {unknown}
Potions
 e - a potion of lignification
 f - a potion of heal wounds {unknown}
 g - a potion of resistance
 i - a potion of haste {unknown}
 j - 2 potions of degeneration {unknown}
 k - a potion of cancellation {unknown}
 n - a potion of agility {unknown}
 t - 2 potions of curing {unknown}
 v - a potion of mutation {unknown}
 B - a potion of flight {unknown}
Books
 b - a book of Flames

   Spells                             Type                      Level
   a - Flame Tongue                   Conjuration/Fire             1
   b - Throw Flame                    Conjuration/Fire             2
   c - Conjure Flame                  Conjuration/Fire             3
   d - Inner Flame                    Hexes/Fire                   3
   e - Sticky Flame                   Conjuration/Fire             4
   f - Fireball                       Conjuration/Fire             5
Comestibles
 c - 3 bread rations
 p - 5 fruits
 w - 2 royal jellies
 A - a meat ration
 C - 2 chunks of flesh


   Skills:
 - Level 2.4 Dodging
 - Level 2.4 Stealth
 + Level 5.3 Spellcasting
 + Level 3.2 Conjurations
 * Level 6.0 Fire Magic


You had 7 spell levels left.
You knew the following spells:

 Your Spells              Type           Power        Failure   Level  Hunger
a - Flame Tongue          Conj/Fire      ####.        1%          1    None
b - Conjure Flame         Conj/Fire      ####....     6%          3    ##.....
c - Sticky Flame          Conj/Fire      ####....     17%         4    ####...


Dungeon Overview and Level Annotations

Branches:
Dungeon (5/15)
 Temple: D:4-7

Altars:

Shops:
D:5 (

Annotations:
D:5 retryentry's ghost, novice DsFi


Message History

The orc wizard hits you but does no damage.
The orc priest looks encouraged for a moment.
The orc wizard hits you with a dagger.
* * * LOW HITPOINT WARNING * * *
Retryentry's ghost hits you but does no damage.
It was a potion of resistance.
You feel protected.
The orc wizard hits you but does no damage.
Retryentry's ghost hits you.
* * * LOW HITPOINT WARNING * * *
Okay, then.
As you read the scroll labeled MOUBRO ESHOXT, it crumbles to dust.
It is a scroll of amnesia.
Forget which spell ([?*] list [ESC] exit)?
Forget which spell ([?*] list [ESC] exit)?
Okay, then.
The orc wizard hits you but does no damage.
The orc priest invokes the aid of Beogh against you.
Beogh smites you!
You die...

####...## #. ##....###
#. #....## #W ###### #.
#. #. ##. #######.
....o############.......
...ooSo♣W.........######
....o############## ...
#


You could see an orc priest, an orc wizard, retryentry's ghost, an adder and 3
orcs.

Vanquished Creatures
  An ogre (D:3)
  A scorpion (D:4)
  An orc priest (D:4)
  A centaur skeleton (D:4)
  An orc wizard (D:4)
  3 adders
  An ooze (D:3)
  An adder zombie (D:5)
  2 worms (D:2)
  2 dart slugs
  4 leopard geckos
  5 orcs
  2 ball pythons (D:3)
  5 bats
  5 giant cockroaches
  4 goblins
  9 hobgoblins
  8 jackals
  4 quokkas
  3 frilled lizards (D:1)
  5 kobolds
  4 rats (D:1)
72 creatures vanquished.

Notes
Turn   | Place    | Note
-------+----------+-------------------------------------------
     0 | D:1      | Jynx the Deep Elf Fire Elementalist began the quest for the Orb.
     0 | D:1      | Reached XP level 1. HP: 10/10 MP: 6/6
   169 | D:1      | Reached XP level 2. HP: 15/15 MP: 6/8
   989 | D:1      | Reached XP level 3. HP: 19/19 MP: 7/10
   994 | D:1      | Learned a level 3 spell: Conjure Flame
  1121 | D:2      | Reached skill level 4 in Fire Magic
  2095 | D:3      | Reached XP level 4. HP: 24/24 MP: 10/12
  2136 | D:3      | Found a faded altar of an unknown god.
  2489 | D:3      | Noticed an ogre
  2496 | D:3      | Killed an ogre
  2496 | D:3      | Reached skill level 5 in Fire Magic
  2496 | D:3      | Reached XP level 5. HP: 28/28 MP: 4/14
  2923 | D:4      | Reached skill level 5 in Spellcasting
  3206 | D:4      | Reached XP level 6. HP: 32/32 MP: 11/15
  3357 | D:5      | Entered Level 5 of the Dungeon
  3368 | D:5      | Found Kiot's Antique Weapon Shop.
  3384 | D:5      | Reached skill level 6 in Fire Magic
  3492 | D:5      | Noticed retryentry's ghost (novice DsFi)
  3505 | D:5      | HP: 1/32 [retryentry's ghost (5)]
  3902 | D:5      | Noticed an ice beast
  3918 | D:5      | Learned a level 4 spell: Sticky Flame
  4013 | D:5      | Killed from afar by an orc priest

Skill      XL: |  1  2  3  4  5  6 |
---------------+-------------------+-----
Fire Magic     | 4 5 6 |  6.0
Spellcasting   | 4 5 |  5.3
Conjurations   | 2 3 |  3.2
Dodging        | |  2.4
Stealth        | |  2.4

Action                   |  1- 3 |  4- 6 || total
-------------------------+-------+-------++-------
Melee: Unarmed           |     3 |    15 ||    18
 Cast: Flame Tongue      |    78 |    85 ||   163
       Conjure Flame     |       |     4 ||     4
       Sticky Flame      |       |     1 ||     1
  Use: Scroll            |       |     2 ||     2
       Potion            |       |     2 ||     2
  Eat: Chunk             |     3 |     6 ||     9
Armor: Robe              |     8 |     3 ||    11
       Skin              |       |    26 ||    26
Dodge: Dodged            |    19 |    13 ||    32
